 Seeded DCSS version 0.28-a0-1555-g9ae15a6949 (webtiles) character file.

Game seed: 76 (custom seed)

116 knot the Chopper (level 4, 31/35 HPs)
             Began as a Demonspawn Berserker on Jan 19, 2022.
             Was a Believer of Trog.
             Quit the game on level 2 of the Dungeon.
             The game lasted 00:02:19 (2620 turns).

knot the Chopper (Demonspawn Berserker)             Turns: 2620, Time: 00:02:20

Health: 31/35      AC:  8    Str: 18    XL:     4   Next: 69%
Magic:  3/3        EV: 10    Int: 10    God:    Trog [**....]
Gold:   14         SH:  0    Dex: 12    Spells: 3/3 levels left

rFire   . . .      SeeInvis .   a - +0 hand axe
rCold   . . .      Faith    .   (no shield)
rNeg    . . .      Spirit   .   c - +0 scale mail
rPois   .          Reflect  .   (helmet restricted)
rElec   .          Harm     .   (no cloak)
rCorr   .          Rampage  .   (no gloves)
Will    .....                   (no boots)
Stlth   ..........              (no amulet)
HPRegen 0.11/turn               (no ring)
MPRegen 0.08/turn               (no ring)

@: on berserk cooldown, slowed, very slow
A: antennae 1, yellow scales 1, beak, low mp 1, mutation resistance 1
a: Renounce Religion, Berserk, Trog's Hand


You were on level 2 of the Dungeon.
You worshipped Trog.
Trog was pleased with you.
You visited 1 branch of the dungeon, and saw 2 of its levels.

You collected 14 gold pieces.

Inventory:

Hand Weapons
 a - a +0 hand axe (weapon)
Missiles
 h - 23 arrows
 k - 59 stones (quivered)
Armour
 c - a +0 scale mail (worn)
Scrolls
 b - a scroll of torment {unknown}
 d - a scroll of vulnerability {unknown}
 f - a scroll of noise {unknown}
 g - a scroll of enchant armour {unknown}
 i - a scroll of identify {unknown}
Potions
 e - a potion of berserk rage
 j - a potion of curing


   Skills:
 - Level 3.0 Fighting
 + Level 5.0 Axes
 - Level 1.7 Armour
 - Level 1.7 Dodging


You had 3 spell levels left.
You didn't know any spells.
Your spell library contained the following spells:

 Spells                   Type           Power      Damage    Failure   Level
 Cause Fear               Hex            0%         N/A       100%        4
 Dragon Form              Tmut           0%         N/A       100%        7
 Dragon's Call            Summ           0%         N/A       100%        9


Dungeon Overview and Level Annotations

Branches:
Dungeon (2/15)

Altars:

Shops:
D:2 ?[=


Innate Abilities, Weirdness & Mutations

You have a pair of small antennae on your head.
You are partially covered in yellow scales. (AC +2)
You have a beak for a mouth.
Your magical capacity is low. (-10% MP)
You are somewhat resistant to further mutation.


Message History

The gnoll is severely wounded.
You hit the gnoll but do no damage. Your peck misses the gnoll.
The gnoll is severely wounded.
The gnoll hits you but does no damage.
You closely miss the gnoll.
The gnoll is severely wounded.
There is an open door, spattered with blood here.
You barely miss the gnoll. x2; You slash the frilled lizard!
You kill the frilled lizard!
Trog accepts your kill.
You closely miss the gnoll. The gnoll closely misses you. x2
The gnoll hits you with a +0 spear.
You slash the gnoll!
You kill the gnoll!
Trog accepts your kill.
You slash the adder!
You kill the adder!
Trog accepts your kill.
You hit the gnoll.
You kill the gnoll!
Trog accepts your kill.
You barely miss the gnoll. The gnoll barely misses you.
You slash the gnoll!
You kill the gnoll!
Trog accepts your kill.
Your Axes skill increases to level 5!
Things that are here:
a +0 club; a gnoll corpse You start resting.
You feel a strong urge to attack something.
You start resting.
You are no longer berserk.
You are exhausted.
You feel yourself slow down.
You start resting.
A rat comes into view.
A rat is nearby!
A rat is nearby!
A rat is nearby!
Are you sure you want to abandon this character and quit the game? (Confirm with "yes".)

#.# ..r.# #...#.#
#...#.# ...#.#
...#.# ########..#.#
.......@)†#.#
########'##.# +∩)..#
#+##.#
####..#.############
....................
#######.######....)#
.........# #.....#
########.# #.....#


You could see a rat (wandering).

Vanquished Creatures
  Robin (D:2)
  4 gnolls (D:2)
  2 adders (D:2)
  2 ball pythons
  2 endoplasms
  A giant cockroach (D:2)
  9 goblins
  4 hobgoblins (D:2)
  6 jackals
  2 kobolds (D:2)
  2 quokkas
  5 bats
  3 frilled lizards (D:2)
  2 rats
45 creatures vanquished.

Notes
Turn   | Place    | Note
-------+----------+-------------------------------------------
     0 | D:1      | knot the Demonspawn Berserker began the quest for the Orb.
     0 | D:1      | Reached XP level 1. HP: 18/18 MP: 1/1
   135 | D:1      | Found a faded altar of an unknown god.
   284 | D:1      | Reached skill level 3 in Axes
   506 | D:1      | Gained mutation: You have a pair of small antennae on your
                  | head. [demonic ancestry]
   506 | D:1      | Reached XP level 2. HP: 24/24 MP: 2/2
  1956 | D:2      | Noticed Robin
  1968 | D:2      | Reached XP level 3. HP: 29/29 MP: 3/3
  1972 | D:2      | Killed Robin
  1973 | D:2      | Reached skill level 4 in Axes
  2003 | D:2      | Gained mutation: You have a beak for a mouth. [potion of
                  | mutation]
  2003 | D:2      | Gained mutation: Your magical capacity is low. (-10% MP)
                  | [potion of mutation]
  2003 | D:2      | Gained mutation: You are somewhat resistant to further
                  | mutation. [potion of mutation]
  2215 | D:2      | Found Coiwk's Jewellery Shoppe.
  2325 | D:2      | Reached ** piety under Trog
  2494 | D:2      | Found Nicviale's Magic Scroll Shoppe.
  2586 | D:2      | Found Urestore's Antique Armour Shoppe.
  2597 | D:2      | Gained mutation: You are partially covered in yellow
                  | scales. (AC +2) [demonic ancestry]
  2597 | D:2      | Reached XP level 4. HP: 35/35 MP: 3/3
  2608 | D:2      | Reached skill level 5 in Axes
  2620 | D:2      | Quit the game

Illustrated notes

Levels and vault maps discovered:
D:1:      ebering_trefoil_3fold, layout_loops_ring, serial_co_window_serial,
          co_window_corner_a, co_window_paths_a, co_window_paths_a,
          co_window_of_opportunity_a, co_window_paths_a, co_window_paths_c,
          co_window_2corner, co_window_of_opportunity_b, co_window_cross_2,
          co_window_corner_b, co_window_unsneaky_path_d, co_window_broadway_a,
          co_window_paths_d, co_window_4corner_b,
          shapermc_ecumenical_altar_starsandcircs, grunt_decor_fettered
D:2:      layout_basic, serial_shops, nicolae_lakefront_shop,
          nicolae_shop_advertising_works [nicolae_subvault_shop_adworks],
          nicolae_shop_behind_doors, minmay_box_of_dots, uniq_robin

Skill      XL: |  1  2  3  4 |
---------------+-------------+-----
Axes           | 3 4 5 |  5.0
Fighting       | |  3.0
Armour         | |  1.7
Dodging        | |  1.7

Action                   |  1- 3 |  4- 6 || total
-------------------------+-------+-------++-------
Melee: Hand axe          |   127 |     9 ||   136
       Peck              |     7 |       ||     7
Invok: Berserk           |     2 |       ||     2
  Use: Potion            |     3 |       ||     3
 Stab: Distracted        |     1 |       ||     1
Armor: Scale mail        |    71 |     2 ||    73
Dodge: Dodged            |    88 |     4 ||    92

Table legend: (Time is in decaauts)
 A = Elapsed time spent in this place.
 B = Non-inter-level travel time spent in this place.
 C = Inter-level travel time spent in this place.
 D = Time resting spent in this place.
 E = Time spent auto-exploring this place.
 F = Levels seen in this place.
 G = Mean time per level.
                   A        B        C        D        E       F      G
               +--------+--------+--------+--------+--------+-----+--------+
         Total |   2645 |   2617 |     28 |    536 |   1780 |   2 | 1322.5 |
       Dungeon |   2645 |   2617 |     28 |    536 |   1780 |   2 | 1322.5 |
               +--------+--------+--------+--------+--------+-----+--------+

Top non-repeatable levels by time:
     D:1: 1426 daAuts
     D:2: 1218 daAuts
